 Dungeon Crawl Stone Soup version 0.26-a0-501-g5717042 (webtiles) character file.

Game seed: 7250631307116156632

1379 Dordric the Basher (level 8, -5/64 HPs)
             Began as a Hill Orc Monk on Aug 7, 2020.
             Was a Believer of Beogh.
             Killed by divine providence
             ... invoked by an orc priest
              (13 damage)
             ... on level 7 of the Dungeon.
             The game lasted 00:12:15 (7575 turns).

Dordric the Basher (Hill Orc Monk)                  Turns: 7575, Time: 00:12:15

Health: -5/64      AC:  8    Str: 16    XL:     8   Next: 66%
Magic:  9/9        EV:  7    Int: 10    God:    Beogh [**....]
Gold:   252        SH: 13    Dex: 13    Spells: 7/7 levels left

rFire    . . .     SeeInvis .   A - +4 flail (holy)
rCold    . . .     Faith    .   F - +0 kite shield
rNeg     . . .     Spirit   .   p - +0 scale mail
rPois    .         Reflect  +   (no helmet)
rElec    .         Harm     .   (no cloak)
rCorr    .                      (no gloves)
MR       .....                  v - +1 pair of boots
Stlth    ..........             e - amulet of reflection
HPRegen  0.20/turn              (no ring)
MPRegen  0.11/turn              (no ring)

@: no status effects
A: no striking features
a: Smiting, Renounce Religion


You were on level 7 of the Dungeon.
You worshipped Beogh.
Beogh was pleased with you.
You visited 1 branch of the dungeon, and saw 7 of its levels.

You collected 252 gold pieces.

Inventory:

Hand Weapons
 a - a +0 mace
 q - a +0 flail
 A - a +4 flail of holy wrath (weapon)
Armour
 b - a +0 robe
 m - a +0 ring mail
 p - a +0 scale mail (worn)
 r - a +2 robe of magic resistance
 s - a +0 plate armour
 v - a +1 pair of boots (worn)
 C - a +0 leather armour
 F - a +0 kite shield (worn)
Jewellery
 e - an amulet of reflection (around neck)
Wands
 d - a wand of disintegration (8)
 t - a wand of polymorph (5)
Scrolls
 c - a scroll of blinking {unknown}
 g - a scroll of magic mapping
 h - a scroll of enchant armour
 i - a scroll of fog {unknown}
 l - 2 scrolls of immolation {unknown}
 x - 9 scrolls of teleportation {unknown}
 y - 3 scrolls of identify
 E - a scroll of remove curse
Potions
 f - a potion of invisibility {unknown}
 j - 2 potions of flight {unknown}
 k - 2 potions of curing {unknown}
 n - 3 potions of heal wounds
 o - a potion of ambrosia {unknown}
 u - a potion of stabbing {unknown}
 w - a potion of cancellation {unknown}
 z - a potion of might {unknown}
 B - a potion of lignification {unknown}
 D - a potion of haste {unknown}
 G - 2 potions of magic {unknown}
 H - a potion of brilliance {unknown}


   Skills:
 - Level 3.6 Fighting
 * Level 11.2 Maces & Flails
 - Level 2.4 Dodging
 - Level 1.5 Stealth
 + Level 1.9 Shields
 + Level 2.2 Invocations


You had 7 spell levels left.
You didn't know any spells.
Your spell library contained the following spells:

 Spells                   Type           Power        Failure   Level
 Confusing Touch          Hex            #.......     100%        3
 Gell's Gravitas          Tloc           #.........   100%        3
 Petrify                  Tmut/Erth      #.......     100%        4
 Metabolic Englaciation   Hex/Ice        #.........   100%        5
 Yara's Violent Unravell  Hex/Tmut       #.........   100%        5


Dungeon Overview and Level Annotations

Branches:
Dungeon (7/15)             Temple (0/1) D:5

Altars:
Elyvilon
Hepliaklqana
Nemelex Xobeh
Okawaru
Ru
Sif Muna
Uskayaw

Shops:
D:5 ?   D:7 =*:

Annotations:
D:3 3 runed translucent doors, Morgoth's ghost, amateur HuBr


Message History

The orc wizard seems to speed up.
The orc priest looks braver for a moment.
The orc wizard mumbles some strange words.
The orc wizard blinks!
The shadow imp gestures at you. Pain shoots through your body!
* * * LOW HITPOINT WARNING * * *
The shadow imp gestures at you. Pain shoots through your body!
* * * LOW HITPOINT WARNING * * *
The shadow imp gestures at you. Pain shoots through your body!
* * * LOW HITPOINT WARNING * * *
The orc wizard gestures wildly while chanting.
The orc wizard blinks!
You hear the brisk hiss of a distant avalanche of sand.
The orc priest invokes the aid of Beogh against you.
Beogh smites you!
You die...
Beogh appreciates the orc priest's killing of a heretic priest.

#....# ########## #....#
#........# #)...# #...8....#
#####....## #..?.....##
#...'.....# #...<.....#
#.###.....######.......#.######
#......>.......'...∩....∩5..5o.
#.....#.#.####.#.......#.######
#.....#.#.# #@####8###..#
#.........####....5..o..##
#.#####......'....)..o........
#.#####.######................
###.......# ###÷...............
....##########.........#........
......∩......'.........#........
..#.##########.(.......#........
..#<.........#.........#........


You could see an orc priest, an orc wizard (fast) and a shadow imp.

Vanquished Creatures
  Grinder (D:3)
  Sigmund (D:6)
  A water moccasin (D:7)
  A sky beast (D:5)
  A bullfrog (D:6)
  Blork the orc (D:5)
  A water moccasin zombie (D:5)
  2 scorpions
  A jelly (D:6)
  Crazy Yiuf (D:3)
  2 orc wizards
  Jessica (D:3)
  4 worker ants
  A hound skeleton (D:7)
  A howler monkey skeleton (D:4)
  A worker ant zombie (D:5)
  5 gnolls
  6 adders
  2 shadow imps
  2 ufetubi (D:5)
  2 oozes
  4 worms
  2 dart slugs (D:2)
  4 leopard geckos
  11 orcs
  10 bats
  6 giant cockroaches
  11 goblins
  8 hobgoblins
  5 jackals
  4 kobolds
  4 quokkas
  A ball python (D:1)
  7 frilled lizards
  2 leopard gecko zombies
  9 rats
126 creatures vanquished.

Vanquished Creatures (others)
  A worker ant (D:4)
  A howler monkey skeleton (D:4)
  An adder (D:4)
  A leopard gecko (D:6)
  2 giant cockroaches
  2 jackals (D:4)
  A quokka (D:6)
9 creatures vanquished.

Grand Total: 135 creatures vanquished

Notes
Turn   | Place    | Note
-------+----------+-------------------------------------------
     0 | D:1      | Dordric the Hill Orc Monk began the quest for the Orb.
     0 | D:1      | Reached XP level 1. HP: 19/19 MP: 1/1
   276 | D:1      | Reached XP level 2. HP: 26/26 MP: 2/2
   421 | D:1      | Reached skill level 4 in Maces & Flails
   822 | D:2      | Noticed a scorpion
   830 | D:2      | Reached XP level 3. HP: 29/31 MP: 3/3
   865 | D:2      | Killed a scorpion
   865 | D:2      | Reached skill level 5 in Maces & Flails
   865 | D:2      | Reached XP level 4. HP: 18/39 MP: 4/4
  1399 | D:2      | Found a faded altar of an unknown god.
  1464 | D:2      | Reached skill level 6 in Maces & Flails
  1894 | D:2      | Found a hide-covered altar of Uskayaw.
  1940 | D:2      | Reached XP level 5. HP: 37/45 MP: 5/5
  2328 | D:2      | Found a shimmering blue altar of Sif Muna.
  3381 | D:3      | Noticed Jessica
  3425 | D:3      | Killed Jessica
  3425 | D:3      | Reached skill level 7 in Maces & Flails
  3425 | D:3      | Reached XP level 6. HP: 46/51 MP: 6/6
  3592 | D:3      | Noticed Grinder
  3606 | D:3      | Killed Grinder
  3606 | D:3      | Reached skill level 8 in Maces & Flails
  3606 | D:3      | Reached XP level 7. HP: 57/57 MP: 7/7
  3617 | D:3      | Found a runed translucent gate.
  3618 | D:3      | Found a runed translucent gate.
  3620 | D:3      | Found a runed translucent gate.
  3654 | D:3      | Noticed Morgoth's ghost (amateur HuBr)
  3821 | D:3      | Found a runed translucent door.
  3822 | D:3      | Noticed Crazy Yiuf
  3959 | D:3      | Killed Crazy Yiuf
  4286 | D:4      | Reached skill level 9 in Maces & Flails
  4362 | D:4      | Found an iron altar of Okawaru.
  4425 | D:4      | Found a hazy altar of Hepliaklqana.
  4575 | D:4      | Found a sacrificial altar of Ru.
  4790 | D:5      | Entered Level 5 of the Dungeon
  4790 | D:5      | Found Aletuqu's Magic Scroll Shoppe.
  4993 | D:5      | Found a staircase to the Ecumenical Temple.
  5197 | D:5      | Noticed Blork the orc
  5470 | D:5      | Killed Blork the orc
  5608 | D:5      | Noticed Edmund
  5609 | D:5      | Noticed Edmund
  5609 | D:5      | Edmund changed into Edmund the ooze
  5611 | D:5      | Killed Edmund the ooze
  5627 | D:5      | Reached skill level 10 in Maces & Flails
  5627 | D:5      | Reached XP level 8. HP: 32/64 MP: 8/8
  6484 | D:6      | Found a sparkling altar of Nemelex Xobeh.
  6484 | D:6      | Noticed Sigmund
  6508 | D:6      | Killed Sigmund
  6739 | D:6      | Became a worshipper of Beogh the Brigand
  6739 | D:6      | Reached * piety under Beogh
  6739 | D:6      | Reached ** piety under Beogh
  7029 | D:6      | Reached skill level 11 in Maces & Flails
  7029 | D:6      | Reached skill level 1 in Shields
  7029 | D:6      | Reached skill level 1 in Invocations
  7044 | D:6      | Found a white marble altar of Elyvilon.
  7267 | D:7      | Found Kitho's Jewellery Emporium.
  7515 | D:7      | Found Beallie's Assorted Antiques.
  7518 | D:7      | Found Etaeckog's Book Emporium.
  7575 | D:7      | Killed from afar by an orc priest

Illustrated notes

Levels and vault maps discovered:
D:1:      dpeg_arrival_more_subterranean_lakeside_camping, layout_basic
D:2:      layout_basic, led_sif_pool, nicolae_overflow_crystal_walls,
          chequers_ecumenical_altar_lobes, minmay_fractal_squares_5
D:3:      layout_basic, gammafunk_ghost_icy, uniq_grinder,
          uniq_crazy_yiuf_cottage, uniq_jessica
D:4:      layout_rooms, lemuel_crystal_altar, kennysheep_mini_moat,
          nicolae_ru_sacrificial_ziggurat, lemuel_flame_loot_1
D:5:      layout_basic, minmay_temple_entry_drinking_statues, serial_shops,
          shop, uniq_edmund, uniq_blork_the_orc
D:6:      layout_loops_ring, nemelex_xobeh_ov_fountains_minmay, st_stairs_9,
          elyvilon_altar_4, uniq_sigmund
D:7:      layout_basic, serial_shops, shop_statue, nicolae_shop_crystal, shop,
          nicolae_shop_behind_doors, nicolae_ossuary_entry_plus, uniq_maggie

Skill      XL: |  1  2  3  4  5  6  7  8 |
---------------+-------------------------+-----
Maces & Flails | 4 5 6 7 8 10 11 | 11.2
Shields        | 1 |  1.9
Invocations    | 2 |  2.2
Fighting       | |  3.6
Dodging        | |  2.4
Stealth        | |  1.5

Action                   |  1- 3 |  4- 6 |  7- 9 || total
-------------------------+-------+-------+-------++-------
Melee: Mace              |    92 |   197 |   123 ||   412
       Flail             |       |    30 |    75 ||   105
       Unarmed           |       |     6 |       ||     6
Invok: Convert to Beogh  |       |       |     1 ||     1
Evoke: Wand              |       |       |     3 ||     3
  Use: Scroll            |       |     3 |     3 ||     6
 Stab: Sleeping          |     1 |       |       ||     1
       Confused          |       |     2 |       ||     2
Armor: Robe              |    12 |    10 |       ||    22
       Ring mail         |       |     6 |       ||     6
       Scale mail        |       |    46 |    66 ||   112
Dodge: Dodged            |    67 |   123 |    59 ||   249
Block: Other             |    20 |    57 |    21 ||    98
       Kite shield       |       |       |    29 ||    29
       Reflection        |       |       |     3 ||     3

Table legend: (Time is in decaauts)
 A = Elapsed time spent in this place.
 B = Non-inter-level travel time spent in this place.
 C = Inter-level travel time spent in this place.
 D = Time resting spent in this place.
 E = Time spent auto-exploring this place.
 F = Levels seen in this place.
 G = Mean time per level.
                   A        B        C        D        E       F      G
               +--------+--------+--------+--------+--------+-----+--------+
         Total |   7612 |   7340 |    272 |   1388 |   4505 |   7 | 1087.4 |
       Dungeon |   7612 |   7340 |    272 |   1388 |   4505 |   7 | 1087.4 |
               +--------+--------+--------+--------+--------+-----+--------+

Top non-repeatable levels by time:
     D:2: 1953 daAuts
     D:3: 1238 daAuts
     D:5: 1238 daAuts
     D:1: 1093 daAuts
     D:6: 1030 daAuts
     D:4: 749 daAuts
     D:7: 309 daAuts
